 Dungeon Crawl Stone Soup version 0.28-a0-1412-gf95308ed99 (webtiles) character file.

Game seed: 212340820707156415

1499 Cheeritup the Summoner (level 8, 0/43 HPs)
             Began as a Tengu Summoner on Jan 6, 2022.
             Slain by an orc warrior (17 damage)
             ... on level 6 of the Dungeon on Jan 7, 2022.
             The game lasted 00:38:22 (6075 turns).

Cheeritup the Summoner (Tengu Summoner)             Turns: 6075, Time: 00:38:22

Health: 0/43       AC: 10    Str: 12    XL:     8   Next: 81%
Magic:  2/15       EV: 15    Int: 21    God:
Gold:   428        SH:  0    Dex: 14    Spells: 6/15 levels left

rFire   . . .      SeeInvis .   a - +4 quarterstaff (chaos)
rCold   . . .      Faith    .   (shield currently unavailable)
rNeg    . . .      Spirit   .   B - +0 ring mail
rPois   .          Reflect  .   d - +2 hat
rElec   .          Harm     .   r - +2 cloak
rCorr   .          Rampage  .   (no gloves)
Will    +....                   (boots unavailable)
Stlth   +.........              (no amulet)
HPRegen 0.14/turn               t - ring of willpower
MPRegen 0.14/turn               q - +6 ring of intelligence

@: flying quickly and evasively, quick
A: beak, talons 3, nimble flight
a: no special abilities


You were on level 6 of the Dungeon.
You visited 1 branch of the dungeon, and saw 6 of its levels.

You collected 428 gold pieces.

Inventory:

Hand Weapons
 a - a +4 quarterstaff of chaos (weapon)
 b - a +0 hunting sling
 j - a +0 trident
 l - a +0 dagger of speed
 s - a +0 morningstar
 y - a +0 long sword
Missiles
 e - 2 sling bullets
 i - 2 silver javelins (quivered)
 x - 21 arrows
Armour
 c - a +0 leather armour
 d - a +2 hat (worn)
 k - a +0 chain mail of poison resistance
 r - a +2 cloak (worn)
 v - a +0 scale mail
 B - a +0 ring mail (worn)
Jewellery
 q - a +6 ring of intelligence (right hand)
 t - a ring of willpower (left hand)
 A - a ring of see invisible
Wands
 n - a wand of polymorph (7)
 p - a wand of flame (21)
Potions
 f - 3 potions of brilliance
 g - a potion of curing
 h - 2 potions of flight
 o - 2 potions of resistance
 u - a potion of heal wounds {unknown}
 w - a potion of degeneration {unknown}
 z - a potion of might {unknown}


   Skills:
 - Level 1.0 Fighting
 - Level 1.5 Long Blades
 - Level 3.0 Staves
 - Level 6.0 Dodging
 - Level 2.0 Stealth
 - Level 4.0 Spellcasting
 - Level 2.0 Conjurations
 + Level 10.2 Summonings


You had 6 spell levels left.
You knew the following spells:

 Your Spells              Type           Power      Damage    Failure   Level
a - Summon Small Mammal   Summ           100%       N/A       1%          1
b - Call Imp              Summ           47%        N/A       1%          2
c - Call Canine Familiar  Summ           47%        N/A       1%          3
d - Summon Guardian Gole  Hex/Summ       25%        N/A       10%         3

Your spell library contained the following spells:

 Spells                   Type           Power      Damage    Failure   Level
 Foxfire                  Conj/Fire      32%        2x1d5     19%         1
 Summon Lightning Spire   Summ/Air       25%        N/A       32%         4
 Conjure Flame            Conj/Fire      8%         6-21      47%         3
 Inner Flame              Hex/Fire       4%         N/A       63%         3
 Flame Wave               Conj/Fire      8%         2d4       87%         4


Dungeon Overview and Level Annotations

Branches:
Dungeon (6/15)
 Temple: D:4-7

Altars:

Shops:
D:2 *

Annotations:
D:5 Menkaure, Pikel


Innate Abilities, Weirdness & Mutations

You have a beak for a mouth.
You have claws for feet.
Your magical nature lets you fly swiftly and evasively.


Message History

An orc warrior is nearby!
Number of times to repeat, then command key: You must enter the number of times for the command to repeat.
There is a large open door, spattered with blood here.
What are your orders? t - Shout!
Orders for allies: a - Attack new target. r - Retreat! s - Stop attacking. g - Guard the area. f - Follow me.
Anything else - Cancel.
Gang up on whom?
Press: ? - help, Dir - move target, f - orc warrior
Aim: an orc warrior, wielding a +0 glaive and wearing a +0 plate armour Attack!
Your crimson imp blinks!
There is a stone staircase leading down here.
Casting: Call Imp (safe; 1% risk of failure)
Confirm with . or Enter, or press ? or * to list all spells.
Casting: Call Canine Familiar (safe; 1% risk of failure)
Confirm with . or Enter, or press ? or * to list all spells.
Your quokka closely misses the orc warrior.
The orc warrior barely misses you.
Your quokka barely misses the orc warrior.
Your quokka bites the orc warrior but does no damage.
The orc warrior hits you from afar with a +0 glaive!
You swap places.
Your hound barely misses the orc warrior.
Your quokka barely misses the orc warrior.
The orc warrior hits you but does no damage.
You swap places.
Your quokka completely misses the orc warrior.
There is a stone staircase leading down, spattered with blood here.
You sock the orc warrior! Your kick misses the orc warrior.
You peck the orc warrior.
The orc warrior is heavily wounded.
The orc warrior hits you with a +0 glaive!
Your quokka bites the orc warrior.
Your crimson imp hits the orc warrior but does no damage.
The orc warrior hits you with a +0 glaive!
You die...

####.#.###...#####.#
...........#.......#
####.#.########..###### #.#.#
###......... #.#.# #....#######
##### #.#.# ###....# ##...#
####.#.# #.....## ##.....
..(....# #.....###########......
###...#####....r@h.......#.......
#...5..##....o###########......
#...##.##....5....##....##.[...
#####...##...######......##...#
#...#......#####........#'###
#.#...##.......'ยง.......#.#..
##.##.###.####..'.)..[...#.#.. ..
#.# #.# ####.).....)'.#.. #
#.#.###.# ##......##.#..


You could see an orc warrior (ally target), a friendly hound (summoned), a
friendly crimson imp (summoned) and a friendly quokka (summoned).

Vanquished Creatures
  An ice beast (D:6)
  A sky beast (D:6)
  An ogre (D:6)
  2 lemures (D:5)
  3 wyvern zombies (D:6)
  A jelly (D:6)
  A bullfrog zombie (D:6)
  3 bullfrog skeletons
  Crazy Yiuf (D:2)
  Natasha (D:2)
  An iguana (D:5)
  7 adders
  A white imp (D:6)
  2 worms
  A dart slug (D:3)
  5 orcs
  5 bats
  9 endoplasms
  2 giant cockroaches
  13 hobgoblins
  3 jackals (D:1)
  4 quokkas
  8 ball pythons
  3 frilled lizards (D:2)
  4 goblins
  9 kobolds
  4 rats
96 creatures vanquished.

Vanquished Creatures (collateral kills)
  A black bear (D:6)
  An ogre (D:5)
  A gnoll sergeant (D:6)
  A scorpion (D:6)
  A bullfrog zombie (D:6)
  A centaur zombie (D:5)
  Natasha (D:2)
  2 adders (D:6)
  An orc (D:6)
  An endoplasm (D:1)
11 creatures vanquished.

Vanquished Creatures (others)
  An ice beast (D:6)
  A bullfrog (D:6)
  A kobold brigand (D:6)
  An adder (D:6)
  An orc (D:6)
  A fungus (D:1)
  A plant (D:1)
7 creatures vanquished.

Grand Total: 114 creatures vanquished

Notes
Turn   | Place    | Note
-------+----------+-------------------------------------------
     0 | D:1      | Cheeritup the Tengu Summoner began the quest for the Orb.
     0 | D:1      | Reached XP level 1. HP: 10/10 MP: 4/4
    91 | D:1      | Reached skill level 5 in Summonings
   521 | D:1      | Reached XP level 2. HP: 14/15 MP: 6/6
   698 | D:1      | Found a faded altar of an unknown god.
  1110 | D:2      | Learned a level 2 spell: Call Imp
  1116 | D:2      | Reached skill level 6 in Summonings
  1116 | D:2      | Reached XP level 3. HP: 15/19 MP: 3/7
  1751 | D:2      | Noticed Natasha
  1767 | D:2      | Reached XP level 4. HP: 19/24 MP: 3/8
  1839 | D:2      | Killed Natasha
  1840 | D:2      | Reached skill level 7 in Summonings
  1962 | D:2      | Learned a level 3 spell: Call Canine Familiar
  2194 | D:2      | Found a runed translucent door.
  2195 | D:2      | Noticed Crazy Yiuf
  2231 | D:2      | Noticed Natasha
  2242 | D:2      | Killed Natasha
  2243 | D:2      | Gained mutation: Your magical nature lets you fly swiftly
                  | and evasively. [Tengu growth]
  2243 | D:2      | Reached XP level 5. HP: 23/28 MP: 3/9
  2365 | D:2      | Found Nurph's Assorted Antiques.
  2777 | D:2      | Killed Crazy Yiuf
  3115 | D:3      | Reached skill level 8 in Summonings
  4484 | D:5      | Entered Level 5 of the Dungeon
  4511 | D:5      | Reached skill level 1 in Staves
  4511 | D:5      | Reached XP level 6. HP: 32/32 MP: 10/10
  4559 | D:5      | Reached skill level 1 in Long Blades
  4560 | D:5      | Noticed Pikel
  4580 | D:5      | Noticed Menkaure
  4836 | D:5      | Noticed Pikel
  4836 | D:5      | Pikel changed into Pikel the warg
  4993 | D:5      | Reached skill level 9 in Summonings
  5063 | D:6      | Learned a level 3 spell: Summon Guardian Golem
  5068 | D:6      | Reached XP level 7. HP: 23/36 MP: 3/11
  5382 | D:6      | Reached skill level 10 in Summonings
  5501 | D:6      | Reached skill level 1 in Fighting
  5501 | D:6      | Reached XP level 8. HP: 34/43 MP: 3/12
  5619 | D:6      | Reached skill level 5 in Dodging
  6075 | D:6      | Slain by an orc warrior

Illustrated notes

Levels and vault maps discovered:
D:1:      lemuel_arrival_rhombus, layout_loops_ring,
          dreamdust_ecumenical_altar_hidden_monk_grotto, lemuel_old_faithful
D:2:      layout_loops_corners, serial_shops, nicolae_shop_crystal,
          uniq_natasha, uniq_crazy_yiuf_cottage
D:3:      layout_loops_ring
D:4:      layout_basic
D:5:      layout_gridville, gup_ossuary_entry_pyramid, serial_shops,
          nicolae_diamond_shop, minmay_misc_feat_square, uniq_ijyb,
          uniq_menkaure, uniq_duvessa, uniq_pikel
D:6:      minmay_polygon_palace, layout_loops_ring,
          chequers_temple_overflow_statue_of_worship,
          kennysheep_opposing_triangles

Skill      XL: |  1  2  3  4  5  6  7  8 |
---------------+-------------------------+-----
Summonings     | 5 6 7 8 9 10 | 10.2
Staves         | 1 2 3 |  3.0
Long Blades    | 1 |  1.5
Dodging        | 3 4 6 |  6.0
Conjurations   | 2 |  2.0
Fighting       | 1 |  1.0
Spellcasting   | 4 |  4.0
Stealth        | |  2.0

Action                   |  1- 3 |  4- 6 |  7- 9 || total
-------------------------+-------+-------+-------++-------
Melee: Unarmed           |    20 |       |       ||    20
       Kick              |    15 |    18 |    14 ||    47
       Peck              |    10 |    12 |     7 ||    29
       Short sword       |    54 |    25 |       ||    79
       Punch             |     1 |       |       ||     1
       Quarterstaff      |       |    68 |    52 ||   120
 Fire: Hunting sling     |     6 |    19 |     6 ||    31
Throw: Javelin           |       |     3 |       ||     3
 Cast: Summon Small Mamm |    14 |    14 |     1 ||    29
       Call Imp          |     3 |     8 |     7 ||    18
       Call Canine Famil |       |    10 |     7 ||    17
       Summon Guardian G |       |     1 |     6 ||     7
Evoke: Wand              |       |     2 |       ||     2
  Use: Scroll            |       |    15 |     3 ||    18
       Potion            |       |       |     1 ||     1
 Stab: Sleeping          |     5 |     4 |       ||     9
       Distracted        |     1 |     1 |       ||     2
Armor: Leather armour    |    29 |    20 |    11 ||    60
       Ring mail         |       |       |     7 ||     7
Dodge: Dodged            |    48 |    58 |    53 ||   159

Table legend: (Time is in decaauts)
 A = Elapsed time spent in this place.
 B = Non-inter-level travel time spent in this place.
 C = Inter-level travel time spent in this place.
 D = Time resting spent in this place.
 E = Time spent auto-exploring this place.
 F = Levels seen in this place.
 G = Mean time per level.
                   A        B        C        D        E       F      G
               +--------+--------+--------+--------+--------+-----+--------+
         Total |   5897 |   5668 |    229 |   1367 |   2764 |   6 |  982.8 |
       Dungeon |   5897 |   5668 |    229 |   1367 |   2764 |   6 |  982.8 |
               +--------+--------+--------+--------+--------+-----+--------+

Top non-repeatable levels by time:
     D:2: 1879 daAuts
     D:6: 1029 daAuts
     D:1: 956 daAuts
     D:3: 799 daAuts
     D:4: 697 daAuts
     D:5: 535 daAuts
